 Dungeon Crawl Stone Soup version 0.28.0-1-gb440e238dd (webtiles) character file.

Game seed: 17878976756972251976

1841 a3don the Chopper (level 9, -1/81 HPs)
             Began as a Hill Orc Fighter on Feb 20, 2022.
             Was an Initiate of Yredelemnul.
             Killed from afar by an orc wizard (9 damage)
             ... with a magic dart
             ... on level 7 of the Dungeon.
             The game lasted 00:11:20 (8542 turns).

a3don the Chopper (Hill Orc Fighter)                Turns: 8542, Time: 00:11:23

Health: -1/81      AC: 14    Str: 26    XL:     9   Next: 12%
Magic:  9/9        EV:  8    Int: 12    God:    Yredelemnul [......]
Gold:   227        SH:  6    Dex: 16    Spells: 8/8 levels left

rFire   . . .      SeeInvis .   a - +0 war axe
rCold   . . .      Faith    .   c - +0 buckler
rNeg    . . .      Spirit   .   r - +0 chain mail
rPois   +          Reflect  .   (no helmet)
rElec   .          Harm     .   B - +0 cloak of Experimentation {+Blink Str+7}
rCorr   .          Rampage  .   k - +0 pair of gloves
Will    .....                   q - +0 pair of boots
Stlth   ..........              (no amulet)
HPRegen 0.23/turn               m - ring of poison resistance
MPRegen 0.11/turn               o - +6 ring of dexterity

@: no status effects
A: no striking features
a: Renounce Religion, Convert to Beogh, Evoke Blink, Recall Undead Harvest


You were on level 7 of the Dungeon.
You worshipped Yredelemnul.
Yredelemnul was noncommittal.
You visited 2 branches of the dungeon, and saw 8 of its levels.

You collected 227 gold pieces.

Inventory:

Hand Weapons
 a - a +0 war axe (weapon)
 h - a +0 whip of freezing
 l - a +1 dagger of draining
 p - a +0 morningstar
 F - a +2 whip of electrocution
 G - a +1 flail of venom
Missiles
 g - 265 stones (quivered)
Armour
 b - a +0 scale mail
 c - a +0 buckler (worn)
 k - a +0 pair of gloves (worn)
 q - a +0 pair of boots (worn)
 r - a +0 chain mail (worn)
 B - the +0 cloak of Experimentation (worn) {+Blink Str+7}
   (You found it on level 5 of the Dungeon)

   Str:       It affects your strength (+7).
   +Blink:    It lets you blink.
Magical Staves
 d - a staff of cold
Jewellery
 m - a ring of poison resistance (left hand)
 o - a +6 ring of dexterity (right hand)
 t - a ring of willpower
Wands
 x - a wand of iceblast (13)
 C - a wand of acid (7)
Scrolls
 e - a scroll of fear {unknown}
 n - a scroll of magic mapping {unknown}
 s - a scroll of fog {unknown}
 u - 2 scrolls of immolation {unknown}
 y - a scroll of teleportation {unknown}
 E - a scroll of identify
 H - a scroll of acquirement {unknown}
Potions
 f - 2 potions of cancellation
 i - a potion of ambrosia
 j - 2 potions of curing
 v - a potion of might
 w - a potion of lignification
 z - 5 potions of heal wounds {unknown}
 A - a potion of berserk rage {unknown}
 D - 2 potions of magic {unknown}


   Skills:
 + Level 7.8 Fighting
 + Level 7.9 Axes
 + Level 7.1 Armour
 + Level 7.1 Shields


You had 8 spell levels left.
You didn't know any spells.
Your spell library contained the following spells:

 Spells                   Type           Power      Damage    Failure   Level
 Animate Skeleton         Necr           0%         N/A       92%         1
 Pain                     Necr           0%         1d4       92%         1
 Vampiric Draining        Necr           0%         2d6       100%        3


Dungeon Overview and Level Annotations

Branches:
Dungeon (7/15)             Temple (1/1) D:6

Altars:
Cheibriados
Dithmenos
Fedhas
Gozag
Hepliaklqana
Okawaru
Qazlal
Ru
Trog
Uskayaw
Vehumet
Wu Jian
Xom
Yredelemnul
The Shining One

Annotations:
D:7 2 transporters, axecop's ghost, novice HODe


Message History

The gnoll sergeant hits your iguana zombie with a +5 vorpal spear!
You feel better. You block the black bear's attack. The black bear claws you.
* * * LOW HITPOINT WARNING * * *
The black bear barely misses you.
The orc wizard hits you but does no damage.
Something hits you but does no damage. The orc warrior barely misses you.
The orc priest closely misses you. The black bear bites you.
* * * LOW HITPOINT WARNING * * *
The black bear completely misses you. The black bear barely misses you.
Your iguana zombie barely misses the gnoll sergeant.
The gnoll sergeant barely misses your iguana zombie.
You hit the black bear.
The black bear is almost dead.
You hit the orc wizard but do no damage.
You closely miss something. You slash the orc priest!
The orc wizard hits you with a +0 dagger.
* * * LOW HITPOINT WARNING * * *
Something hits you but does no damage. The black bear barely misses you.
You block the black bear's attack. The black bear closely misses you.
The orc warrior hits you but does no damage.
You block the orc priest's attack.
A gnoll comes into view. It is wielding a +2 whip of venom.
The gnoll sergeant hits your iguana zombie with a +5 vorpal spear!
Your iguana zombie is destroyed!
The orc wizard misses you.
The orc priest shouts, "Surrender to Beogh and we'll let you live!"
You hit the black bear.
You kill the black bear!
You miss the orc wizard. You miss something. You barely miss the orc priest.
The orc priest shouts, "Join the one true god or die!"
A black mist starts to gather...
Something hits you but does no damage. You block the orc priest's attack.
The orc warrior hits you from afar with a +0 halberd.
* * * LOW HITPOINT WARNING * * *
The orc wizard barely misses you.
You hear some strange, mumbled words.
A magic dart appears from out of thin air!
The magic dart hits you!
You die...
Your body rises from the dead as a mindless zombie.

.###.#### ....#
ZZZ..# ###...###
##.#.# ....... #.#.#
#..)g #.#.### #...#
#.....# ########...#
#.....###......$gg.#
#.........#####oZo##
#..............@o.#
#.........###.##{##
#########.# # #.#
#.# #.# #.# #.# #$#
..# #.# ###


You could see an orc warrior, a gnoll sergeant, an orc priest, an orc wizard, 2
gnolls and a friendly black bear zombie.

Vanquished Creatures
  An ice beast (D:5)
  An orc warrior (D:7)
  2 sky beasts (D:7)
  A black bear (D:7)
  2 ogres
  A necrophage (D:6)
  A phantom (D:4)
  A scorpion (D:4)
  A bullfrog zombie (D:6)
  A centaur zombie (D:3)
  2 hounds
  A bullfrog skeleton (D:5)
  2 jellies
  A centaur skeleton (D:7)
  An orc priest (D:7)
  Terence (D:2)
  2 iguanas
  3 orc wizards
  A killer bee zombie (D:6)
  A hound zombie (D:5)
  A hound skeleton (D:4)
  6 gnolls
  7 adders
  A shadow imp (D:5)
  An ufetubus (D:6)
  A worm (D:3)
  3 dart slugs
  17 orcs
  7 endoplasms
  A giant cockroach (D:3)
  10 goblins
  10 hobgoblins
  6 ball pythons
  A bat (D:1)
  4 frilled lizards
  5 kobolds
  2 rats
110 creatures vanquished.

Vanquished Creatures (collateral kills)
  An ice beast (D:6)
  An ogre (D:5)
  A scorpion (D:4)
  A centaur zombie (D:6)
  A jelly (D:6)
  A gnoll shaman (D:4)
  2 gnolls
  An adder (D:3)
  An ufetubus (D:4)
  An adder skeleton (D:5)
  3 orcs (D:3)
  A goblin (D:4)
  A quokka (D:3)
16 creatures vanquished.

Vanquished Creatures (others)
  A spectral jelly (D:5)
  3 adder zombies
  An iguana zombie (D:7)
  3 gnoll zombies
  A frilled lizard zombie (D:3)
  A giant cockroach zombie (D:3)
  A goblin zombie (D:3)
  A hobgoblin zombie (D:3)
  8 orc zombies
  A spectral ufetubus (D:6)
  A fungus (D:2)
22 creatures vanquished.

Grand Total: 148 creatures vanquished

Notes
Turn   | Place    | Note
-------+----------+-------------------------------------------
     0 | D:1      | a3don the Hill Orc Fighter began the quest for the Orb.
     0 | D:1      | Reached XP level 1. HP: 19/19 MP: 1/1
    85 | D:1      | Reached XP level 2. HP: 15/27 MP: 2/2
   910 | D:2      | Reached XP level 3. HP: 33/33 MP: 3/3
   986 | D:2      | Found a basalt altar of Yredelemnul.
  1059 | D:2      | Found a faded altar of an unknown god.
  1310 | D:2      | Noticed Terence
  1332 | D:2      | Killed Terence
  1334 | D:2      | Reached XP level 4. HP: 25/40 MP: 4/4
  2205 | D:2      | Became a worshipper of Yredelemnul the Dark
  2713 | D:3      | Reached XP level 5. HP: 42/47 MP: 5/5
  2810 | D:3      | Reached * piety under Yredelemnul
  3052 | D:3      | Reached ** piety under Yredelemnul
  3277 | D:3      | Reached *** piety under Yredelemnul
  3557 | D:3      | Reached skill level 5 in Fighting
  3563 | D:3      | Reached XP level 6. HP: 56/56 MP: 6/6
  4052 | D:4      | Reached skill level 5 in Axes
  4055 | D:4      | Reached skill level 5 in Armour
  4069 | D:4      | Reached skill level 5 in Shields
  4069 | D:4      | Reached XP level 7. HP: 32/61 MP: 7/7
  5294 | D:5      | Entered Level 5 of the Dungeon
  5588 | D:5      | Reached XP level 8. HP: 67/71 MP: 8/8
  5808 | D:5      | Identified the +0 cloak of Experimentation {+Blink Str+7}
  7450 | D:6      | Found a staircase to the Ecumenical Temple.
  7494 | Temple   | Entered the Ecumenical Temple
  7902 | D:7      | Found a transporter.
  7916 | D:7      | Reached XP level 9. HP: 70/79 MP: 9/9
  8087 | D:7      | Found a transporter.
  8215 | D:7      | Noticed axecop's ghost (novice HODe)
  8243 | D:7      | Noticed a moth of wrath
  8542 | D:7      | Killed from afar by an orc wizard

Illustrated notes

Levels and vault maps discovered:
D:1:      minmay_arrival_arboretum_small, layout_loops_ring
D:2:      layout_basic, basic_altar,
          dreamdust_ecumenical_altar_hidden_monk_grotto, st_stairs_2,
          kennysheep_cross_bottleneck, kennysheep_cluttered_room,
          lemuel_old_faithful, uniq_terence
D:3:      layout_basic, guppyfry_early_orc_mine
D:4:      layout_rooms, moated_statue
D:5:      layout_loops_ring
D:6:      layout_cave_pods, minmay_temple_entry_butterflies, nrook_campfire,
          kennysheep_generic_room_8
D:7:      layout_loops_ring, gammafunk_ghost_berserking_beasts
Temple:   mainiacjoe_temple_archimedes_tessellation

Skill      XL: |  1  2  3  4  5  6  7  8  9 |
---------------+----------------------------+-----
Axes           | 3 4 5 6 7 |  7.9
Fighting       | 4 5 6 7 |  7.8
Armour         | 4 5 6 7 |  7.1
Shields        | 4 5 6 7 |  7.1

Action                   |  1- 3 |  4- 6 |  7- 9 || total
-------------------------+-------+-------+-------++-------
Melee: War axe           |    74 |   121 |   232 ||   427
Throw: Stone             |       |       |     4 ||     4
  Use: Potion            |     1 |       |     1 ||     2
       Scroll            |       |       |     5 ||     5
 Stab: Distracted        |       |     4 |     1 ||     5
Armor: Scale mail        |    36 |    57 |    11 ||   104
       Chain mail        |       |       |   124 ||   124
Dodge: Dodged            |    25 |    57 |   101 ||   183
Block: Buckler           |    12 |    27 |    62 ||   101
